 Dungeon Crawl Stone Soup version 0.23.2-1-ga50397a (webtiles) character file.

Game seed: 15432768448035988012

56 Gazerockf the Digger (level 3, -1/19 HPs)
             Began as a Gargoyle Earth Elementalist on May 1, 2019.
             Slain by Sigmund
             ... wielding a +0 scythe
              (2 damage)
             ... on level 2 of the Dungeon.
             The game lasted 00:07:30 (1595 turns).

Gazerockf the Digger (Gargoyle Earth Elementalist)  Turns: 1595, Time: 00:07:31

Health: -1/19      AC:  6    Str: 11    XL:     3   Next: 95%
Magic:  6/7        EV: 12    Int: 16    God:
Gold:   79         SH:  0    Dex: 10    Spells: 7/8 levels left

rFire    . . .     SeeInvis .   f - +2 hand axe (freeze)
rCold    . . .     Gourm    .   (no shield)
rNeg     + . .     Faith    .   c - +0 robe
rPois    ∞         Spirit   .   (no helmet)
rElec    +         Reflect  .   (no cloak)
rCorr    .         Harm     .   n - +0 pair of gloves
MR       .....                  (no boots)
Stlth    ++........             (no amulet)
HPRegen  0.06/turn              (no ring)
MPRegen  0.10/turn              (no ring)

@: no status effects
A: negative energy resistance 1, electricity resistance, unbreathing,
petrification resistance, rot immunity, AC +3
a: no special abilities


You were on level 2 of the Dungeon.
You were not hungry.

You visited 1 branch of the dungeon, and saw 2 of its levels.

You collected 79 gold pieces.

Inventory:

Hand Weapons
 f - a +2 hand axe of freezing (weapon)
 j - a +1 whip of electrocution
 l - a +2 dagger of venom
Missiles
 b - 36 stones (quivered)
Armour
 c - a +0 robe (worn)
 n - a +0 pair of gloves (worn)
Scrolls
 a - 2 scrolls of remove curse {unknown}
 e - 2 scrolls of magic mapping {unknown}
 g - 2 scrolls of amnesia {unknown}
 p - a scroll of teleportation {unknown}
 r - a scroll of identify {unknown}
Potions
 m - a potion of haste {unknown}
 q - a potion of degeneration {unknown}
Comestibles
 d - 3 rations
 o - 7 chunks of flesh


   Skills:
 - Level 1.5 Dodging
 - Level 2.1 Stealth
 + Level 3.0 Spellcasting
   Level 0.7 Transmutations
 + Level 4.8 Earth Magic


You had 7 spell levels left.
You knew the following spells:

 Your Spells              Type           Power        Failure   Level  Hunger
a - Sandblast             Erth           ###...       2%          1    #......

Your spell library contained the following spells:

 Spells                   Type           Power        Failure   Level  Hunger
 Passwall                 Tmut/Erth      ##......     9%          2    ##.....
 Stone Arrow              Conj/Erth      ##....       22%         3    ###....
 Petrify                  Tmut/Erth      ##......     52%         4    #####..
 Lee's Rapid Deconstruct  Erth           ###.......   58%         5    ######.


Dungeon Overview and Level Annotations

Branches:
Dungeon (2/15)

Altars:

Annotations:
D:2 Sigmund


Innate Abilities, Weirdness & Mutations

You are resistant to torment.
Your stone body is resilient. (AC +3)
You are immune to poison.
You resist negative energy. (rN+)
You are resistant to electric shocks. (rElec)
You can survive without breathing.
You are immune to petrification.
You are immune to rotting.


Message History

Your +0 pair of gloves unmelds from your body.
Your +0 robe unmelds from your body.
You hear a zap.
A puff of flame appears from out of thin air!
The puff of flame hits you.
You're too confused to cast spells.
Sorry, you're not good enough to have a special ability.
You're too confused to cast spells.
Sorry, you're not good enough to have a special ability.
Okay, then.
A ball python comes into view.
The ball python hisses angrily.
Something hits you but does no damage.
You bump into the rock wall.
You miss something. Something hits you!
* * * LOW HITPOINT WARNING * * *
You're too confused!
You feel less confused. Something hits you.
You die...

#.......>#..
#÷#......#..
#.########
#.# ####.#
#....#
#....#
#....#
#.÷.@#
#....#####.#
#....{S.....
#....###...#
#....# .#
#....#
#.....
####..# #..#


There were no monsters in sight!

Vanquished Creatures
  2 adders (D:2)
  3 dart slugs
  6 bats
  A giant cockroach (D:2)
  2 goblins (D:1)
  6 hobgoblins (D:1)
  3 ball pythons
  2 frilled lizards
  4 kobolds
  2 rats
31 creatures vanquished.

Notes
Turn   | Place    | Note
-------+----------+-------------------------------------------
     0 | D:1      | Gazerockf the Gargoyle Earth Elementalist began the quest
                  | for the Orb.
     0 | D:1      | Reached XP level 1. HP: 10/10 MP: 3/3
   325 | D:1      | Reached skill level 4 in Earth Magic
   325 | D:1      | Reached XP level 2. HP: 15/15 MP: 5/5
   764 | D:1      | Reached XP level 3. HP: 19/19 MP: 4/6
  1556 | D:2      | Noticed Sigmund
  1595 | D:2      | Slain by Sigmund

Skill      XL: |  1  2  3 |
---------------+----------+-----
Earth Magic    | 4 |  4.8
Spellcasting   | 3 |  3.0
Dodging        | |  1.5
Stealth        | |  2.1
Transmutations | |  0.7

Action                   || total
-------------------------++-------
Melee: Hand axe          ||    56
 Cast: Sandblast         ||    21
  Use: Potion            ||     3
 Stab: Sleeping          ||     1
  Eat: Chunk             ||     2
Armor: Robe              ||    21
       Skin              ||    11
Dodge: Dodged            ||    42
